Map: Prion Terraces

Players

LilDicky

  • Race: Terran Terran
  • League: Diamond

INnoVation - Winner!

  • Race: Terran Terran
  • League: Diamond

VOD

http://www.twitch.tv/tumescentpie

Description

Time

  • Played on: Dec. 4, 2015, 12:54 p.m.
  • Length: 17:42
Show
View Real Time Build Order
Export as new Build Order

LilDicky Terran 

Build Orders: 1/1/1, Mech 

Get SALT Encoding   

  12  0:01  SCV  
  13  0:14  SCV  
  14  0:18  Supply Depot  
  14  0:27  SCV  
  15  0:31  Refinery  
  15  0:39  SCV  
  16  0:46  Barracks  
  16  0:51  SCV  
  17  1:04  SCV  
  18  1:16  SCV  
  19  1:32  Orbital Command  
  19  1:36  Marine  
  19  1:39  Factory  
  20  1:42  Refinery  
  20  1:48  Supply Depot  
  20  1:58  Marine  
  21  2:03  SCV  
  21  2:15  SCV  
  22  2:16  Marine  
  22  2:22  Supply Depot  
  23  2:25  Starport  
  23  2:32  Hellion  
  23  2:34  Marine  
  26  2:53  Factory Tech Lab  
  26  2:55  SCV, Marine  
  28  3:03  Engineering Bay  
  28  3:07  SCV  
  29  3:17  Marine  
  33  3:23  SCV  
  31  3:35  SCV, Marine  
  31  3:37  Siege Tank  
  31  3:38  Medivac  
  38  3:43  Supply Depot  
  38  3:46  Missile Turret  
  38  3:47  SCV  
  39  4:00  Supply Depot  
  39  4:04  SCV, Marine  
  41  4:15  Siege Tank  
  41  4:16  Medivac  
  46  4:22  Marine  
  47  4:30  SCV  
  48  4:33  Supply Depot  
  48  4:40  Marine  
  48  4:42  SCV  
  50  4:54  SCV  
  49  5:13  Marine  
  41  5:18  Starport Tech Lab  
  41  5:19  Siege Tank  
  44  5:30  SCV  
  45  5:36  Command Center  
  45  5:42  SCV  
  46  5:45  Marine  
  46  5:47  Command Center  
  50  5:51  Siege Tank  
  50  5:54  SCV  
  45  6:06  SCV  
  43  6:21  SCV  
  43  6:22  Factory  
  43  6:23  Factory x2, Starport Reactor  
  42  6:33  SCV  
  42  6:39  Missile Turret  
  43  6:41  Missile Turret x2  
  43  6:45  SCV  
  43  6:46  Missile Turret  
  44  6:50  Orbital Command  
  44  6:57  SCV  
  44  7:00  Planetary Fortress  
  45  7:05  Missile Turret  
  45  7:08  Refinery  
  45  7:09  SCV  
  46  7:17  Factory Reactor x2  
  46  7:22  SCV, Viking  
  49  7:24  Missile Turret  
  49  7:27  SCV  
  50  7:34  SCV  
  51  7:39  SCV  
  51  7:40  Infernal Pre-Igniter  
  56  7:45  Siege Tank  
  56  7:48  Viking  
  56  7:49  SCV  
  56  7:50  SCV  
  59  7:54  Refinery  
  59  7:57  Missile Turret  
  59  7:58  SCV  
  60  8:00  Missile Turret  
  60  8:02  SCV, Siege Tank, Missile Turret  
  60  8:04  Widow Mine  
  66  8:07  SCV  
  66  8:08  Refinery x2  
  66  8:10  SCV  
  67  8:23  SCV  
  67  8:24  SCV  
  68  8:31  SCV  
  68  8:32  Hellion x2  
  68  8:33  Siege Tank, Missile Turret  
  76  8:35  Viking  
  76  8:37  Command Center  
  78  8:41  Supply Depot  
  78  8:44  Widow Mine  
  78  8:45  Hellion  
  82  8:50  Missile Turret  
  82  8:58  Missile Turret  
  82  9:03  Supply Depot  
  80  9:13  Viking x2  
  80  9:14  Hellion  
  80  9:15  Hellion x4  
  94  9:26  Supply Depot  
  94  9:29  Liberator x2  
  92  9:31  Missile Turret  
  92  9:34  SCV x2  
  94  9:41  Missile Turret  
  94  9:47  Command Center  
  94  9:49  Hellion  
  94  9:50  Sensor Tower  
  102  9:59  SCV  
  103  10:11  SCV  
  104  10:23  Sensor Tower  
  104  10:39  Sensor Tower  
  104  10:42  Planetary Fortress  
  104  10:56  Refinery  
  104  11:00  Refinery  
  104  11:02  Planetary Fortress  
  104  11:03  Command Center  
  104  11:05  SCV, Refinery  
  104  11:09  Hellion x2  
  104  11:10  Command Center, Hellion x2, Siege Tank  
  116  11:16  Medivac x2  
  120  11:26  Command Center  
  120  11:33  Liberator  
  120  11:44  Hellion, Siege Tank x2  
  128  11:47  Hi-Sec Auto Tracking  
  128  11:54  Armory  
  131  11:55  Armory  
  131  12:01  Missile Turret  
  131  12:13  SCV x3  
  134  12:17  Command Center, SCV  
  134  12:22  Missile Turret, Liberator  
  135  12:23  Planetary Fortress, Liberator  
  135  12:28  Refinery  
  135  12:29  SCV  
  136  12:31  Orbital Command  
  136  12:41  SCV  
  143  12:44  Terran Vehicle And Ship Armor Level 1  
  143  12:45  Terran Vehicle Weapons Level 1  
  143  12:49  Refinery  
  143  12:53  SCV, Starport  
  144  12:59  Orbital Command  
  144  13:00  Missile Turret  
  145  13:05  SCV  
  145  13:10  Refinery  
  145  13:18  Starport  
  130  13:48  Widow Mine x2  
  130  13:49  Thor x2  
  137  14:00  Starport Reactor x2  
  132  14:14  SCV x2  
  132  14:16  Planetary Fortress  
  134  14:20  Missile Turret  
  134  14:21  Widow Mine x4  
  109  14:32  Siege Tank x2  
  109  14:35  Viking x2  
  119  14:44  Missile Turret  
  119  14:47  Viking x4  
  119  14:49  Widow Mine  
  129  15:04  Siege Tank x2  
  129  15:05  Viking x2  
  139  15:17  Viking x3  
  139  15:18  Command Center  
  139  15:21  Missile Turret  
  145  15:24  Missile Turret  
  145  15:42  Siege Tank x2  
  146  15:43  Hellion  
  146  15:44  Hellion x2  
  94  16:12  Hellion  
  94  16:14  Thor x2  
  94  16:15  Hellion x2  
  94  16:16  Hellion  
  91  16:44  Hellion x2  
  93  16:49  Viking x5  
  93  16:50  Viking  
  85  16:57  Thor x2, Planetary Fortress  
  85  16:58  Missile Turret  
Show
View Real Time Build Order
Export as new Build Order

INnoVation Terran - Winner!

Build Orders: Reaper Expand, Bio Tank, MMM Bio 

Get SALT Encoding   

  12  0:00  SCV  
  13  0:12  SCV  
  14  0:17  Supply Depot  
  14  0:24  SCV  
  15  0:39  SCV  
  15  0:42  Barracks  
  16  0:47  Refinery  
  16  0:51  SCV  
  17  1:03  SCV  
  18  1:15  SCV  
  19  1:28  Orbital Command  
  19  1:30  Reaper  
  20  1:41  Command Center  
  20  1:55  SCV  
  20  1:59  Refinery  
  21  2:07  SCV, Barracks Reactor, Supply Depot  
  22  2:19  SCV  
  23  2:27  Factory  
  23  2:31  SCV  
  24  2:43  SCV  
  24  2:44  Marine x2  
  26  2:55  SCV  
  26  2:57  Orbital Command  
  27  3:01  Marine x2  
  29  3:11  Factory Tech Lab, Starport, Barracks  
  29  3:17  SCV  
  29  3:19  Marine x2  
  32  3:24  Engineering Bay  
  32  3:29  SCV  
  32  3:33  Cyclone  
  36  3:41  Marine x2  
  38  3:50  Missile Turret  
  38  3:55  Viking  
  38  4:02  Missile Turret  
  40  4:05  Barracks Tech Lab  
  40  4:10  SCV x2  
  40  4:15  Marine  
  40  4:17  Marine  
  43  4:22  SCV  
  45  4:29  Supply Depot  
  45  4:47  SCV, Refinery  
  45  4:48  Refinery  
  45  4:50  Viking, Siege Tank  
  47  5:16  Marine x2  
  47  5:20  Medivac  
  47  5:21  SCV x2  
  53  5:29  Terran Infantry Weapons Level 1, Barracks Tech Lab  
  53  5:33  SCV  
  54  5:38  Supply Depot  
  54  5:40  Supply Depot  
  54  5:58  SCV  
  54  5:59  SCV, Siege Tank, Marine  
  56  6:04  Marine  
  56  6:05  Marine  
  56  6:10  SCV  
  56  6:11  SCV  
  58  6:22  SCV, Marine x2  
  58  6:23  SCV  
  58  6:25  Stimpack  
  61  6:32  Medivac  
  63  6:34  SCV  
  63  6:35  SCV  
  63  6:37  Barracks  
  63  6:38  Barracks  
  63  6:39  Marauder  
  67  6:40  Command Center, Marine x2  
  67  6:46  SCV  
  70  6:59  Supply Depot  
  70  7:00  Supply Depot  
  70  7:11  Starport Reactor  
  70  7:18  Armory  
  70  7:19  Engineering Bay  
  70  7:20  SCV x2, Marauder, Marine x2  
  76  7:29  Barracks Reactor, Barracks Tech Lab  
  76  7:32  SCV x2  
  78  7:37  Siege Tank  
  78  7:38  Marine  
  78  7:42  Marauder  
  84  7:44  SCV x2  
  84  7:48  Combat Shields  
  86  7:51  Marine  
  86  7:52  Marauder  
  86  7:55  Marine  
  86  7:56  SCV x2  
  92  8:03  Missile Turret, Marauder  
  92  8:05  Missile Turret  
  94  8:09  SCV x2  
  96  8:13  Marauder  
  96  8:19  Marine x3  
  101  8:24  Missile Turret  
  101  8:32  Concussive Shells  
  101  8:33  Terran Infantry Weapons Level 2  
  101  8:35  Terran Infantry Armor Level 1  
  101  8:36  Orbital Command  
  101  8:46  Supply Depot  
  101  8:47  Supply Depot  
  101  9:07  Medivac x2, Marine x2  
  101  9:08  Marauder  
  101  9:09  SCV x2, Marauder, Marine x2  
  115  9:10  Supply Depot x2  
  115  9:14  SCV  
  116  9:21  SCV  
  116  9:23  Refinery  
  117  9:27  Refinery  
  117  9:31  Marine x4  
  117  9:32  SCV x2, Marauder x2  
  117  9:33  SCV  
  128  9:44  SCV  
  128  9:49  Marine x4  
  132  9:53  Marine  
  133  10:01  Supply Depot x2  
  133  10:05  Liberator x2  
  133  10:06  Supply Depot  
  133  10:07  Supply Depot  
  133  10:23  Marauder, Marine x5  
  133  10:26  Starport  
  133  10:27  Terran Ship Weapons Level 1  
  146  10:28  Terran Infantry Armor Level 2  
  146  10:29  Command Center, Starport  
  146  10:30  Starport  
  146  10:36  Supply Depot  
  146  10:38  Supply Depot  
  146  10:39  SCV x2  
  146  10:40  SCV  
  146  10:41  Marauder, Marine x4  
  155  10:44  Marauder  
  155  10:48  Fusion Core  
  157  11:03  Marauder  
  163  11:06  Marauder  
  161  11:14  Starport Tech Lab x3  
  161  11:24  Marauder  
  163  11:27  Marauder  
  163  11:30  Barracks  
  165  11:32  Barracks  
  165  11:39  Weapon Refit  
  165  11:44  Battlecruiser x3  
  165  11:45  Marauder  
  185  11:48  Orbital Command, Marauder  
  185  11:51  Refinery  
  185  11:53  SCV x3  
  190  12:07  Marauder  
  192  12:10  Marauder  
  192  12:11  Supply Depot, SCV  
  192  12:12  SCV  
  192  12:14  Refinery  
  196  12:28  Terran Ship Weapons Level 2  
  196  12:30  Terran Infantry Weapons Level 3  
  196  12:32  SCV x2, Marauder  
  196  12:36  Barracks Tech Lab  
  200  12:42  Barracks Tech Lab  
  200  12:59  Command Center  
  200  13:01  Missile Turret  
  200  13:23  Refinery  
  200  13:41  Marauder  
  200  13:46  Refinery  
  178  13:49  Marauder x3  
  178  13:51  Battlecruiser x3  
  192  14:03  Marauder  
  192  14:04  Marine x2  
  188  14:11  Marine, Marauder x3  
  188  14:12  Marine  
  196  14:22  Marine x2  
  200  14:24  Marauder  
  200  14:29  Marine x2  
  188  14:31  Marine  
  188  14:32  Marauder, Marine  
  185  14:40  Marine  
  185  14:41  Marine  
  187  14:45  Marauder  
  187  14:47  Terran Infantry Armor Level 3, Marine x2  
  187  14:50  Marauder x2  
  192  14:54  Marauder  
  192  14:55  Battlecruiser  
  200  15:01  Terran Ship Weapons Level 3  
  197  15:14  Marine  
  197  15:19  Marine x2  
  192  15:42  Medivac x2  
  190  15:43  Medivac  
  190  15:44  Battlecruiser  
  192  15:59  Battlecruiser  
  192  16:01  Marine x3  
  191  16:05  Marine x2  
  191  16:06  Marauder x2, Marine  
  177  16:13  Battlecruiser  
  158  16:18  Marine  
  158  16:19  Marine  
  158  16:24  Marauder x2  
  164  16:28  Marauder x2  
  168  16:35  Orbital Command  
  168  16:36  SCV x3  
  171  16:45  Marauder x2  
  170  16:52  Marauder x2  
  173  16:59  Marine x3  
  173  17:00  Marine  
  174  17:07  Marauder x2  
  182  17:09  Command Center  
  182  17:13  Marauder x2  
  186  17:17  Marine  
Tags
 
Add a new tag
Caveats
  • Supply blocks, unpowered buildings, or Contaminate may cause inaccurate times.
  • Supply counts are checked every 10 seconds.